 Dungeon Crawl Stone Soup version 0.20.1-1-g8b1a95d66d (webtiles) character file.

202 Ivernyr the Bolt Thrower (level 5, 0/49 HPs)
             Began as a Deep Dwarf Hunter on Nov 18, 2017.
             Slain by an orc priest
             ... wielding a +0 trident
              (3 damage)
             ... on level 3 of the Dungeon.
             The game lasted 00:07:41 (1770 turns).

Ivernyr the Bolt Thrower (Deep Dwarf Hunter)        Turns: 1770, Time: 00:07:42

Health: 0/49       AC:  6    Str: 16    XL:     5   Next: 50%
Magic:  4/4        EV: 10    Int: 17    God:
Gold:   73         SH:  0    Dex: 13    Spells: 4/4 levels left

rFire    . . .     SeeInvis .   b - +0 short sword
rCold    . . .     Gourm    .   (no shield)
rNeg     . . .     Faith    .   h - +0 scale mail
rPois    .         Spirit   .   (no helmet)
rElec    .         Reflect  .   (no cloak)
rCorr    .         Harm     .   (no gloves)
MR       .....                  (no boots)
Stlth    ..........             (no amulet)
Regen    0.0/turn               p - +5 ring of intelligence
MPRegen  0.1/turn               (no ring)

@: non-regenerating
A: damage resistance, heal wounds, sense surroundings 1, no regeneration
a: Heal Wounds


You were on level 3 of the Dungeon.
You were not hungry.

You visited 1 branch of the dungeon, and saw 3 of its levels.

You collected 73 gold pieces.

Inventory:

Hand Weapons
 a - a +1 hand crossbow
 b - a +0 short sword (weapon)
Missiles
 d - 15 bolts
Armour
 h - a +0 scale mail (worn)
Jewellery
 p - a +5 ring of intelligence (left hand)
Scrolls
 e - 2 scrolls of blinking {unknown}
 j - 2 scrolls of fog {unknown}
 k - a scroll of random uselessness {unknown}
 l - 2 scrolls of noise {unknown}
 o - a scroll of identify {unknown}
 q - a scroll of remove curse {unknown}
 r - 2 scrolls of teleportation {unknown}
Potions
 i - a potion of haste {unknown}
 m - a potion of agility
 n - a potion of cancellation {unknown}
 s - a potion of mutation {unknown}
Comestibles
 c - 2 royal jellies
 f - 2 bread rations
 g - a meat ration


   Skills:
 + Level 3.0 Fighting
 * Level 6.3 Crossbows
 + Level 2.3 Armour
 - Level 2.1 Dodging
 - Level 1.2 Stealth


You had 4 spell levels left.
You didn't know any spells.

Dungeon Overview and Level Annotations

Branches:
Dungeon (3/15)

Altars:
Hepliaklqana
Vehumet
Yredelemnul


Innate Abilities, Weirdness & Mutations

You are resistant to damage.
You can heal yourself by infusing magical energy.
You passively map a small area around you.
You do not regenerate.


Message History

The orc priest is severely wounded.
The orc priest closely misses you.
You barely miss the orc priest.
The orc priest is severely wounded.
The orc priest mumbles some strange prayers to Beogh against you.
Beogh smites you!
* * * LOW HITPOINT WARNING * * *
The orc priest hits you but does no damage. x2
You hit the orc priest but do no damage.
The orc priest is severely wounded.
The orc priest hits you.
The orc priest hits you but does no damage.
You closely miss the orc priest.
The orc priest is severely wounded.
The orc priest closely misses you. The orc priest misses you.
You closely miss the orc priest.
The orc priest is severely wounded.
The orc priest hits you.
The orc priest hits you from afar with a trident.
You die...

, #.#. #...o.. , ,** #$.
, #...... , ,..g,
#....o< * #.# * #.(.o..
#.# ##.....
##########o########...$.
........o.r.((.(.)......
#######o##g.......#.....
#@##........#.....
#.##........#.....
#.##.(......#.....
#.##........# * #
###.##........# *
#....#........# *
#....########## #....#*
, * #....# ,


You could see 2 orc priests.

Vanquished Creatures
  3 orc priests (D:3)
  3 gnolls (D:3)
  2 adders
  2 worms (D:2)
  A dart slug (D:2)
  A leopard gecko (D:3)
  4 orcs (D:3)
  5 bats
  8 hobgoblins
  3 jackals (D:1)
  8 frilled lizards
  6 goblins
  A jackal skeleton (D:2)
  5 kobolds
  9 rats
61 creatures vanquished.

Notes
Turn   | Place    | Note
-------+----------+-------------------------------------------
     0 | D:1      | Ivernyr the Deep Dwarf Hunter began the quest for the Orb.
     0 | D:1      | Reached XP level 1. HP: 19/19 MP: 1/1
   261 | D:1      | Reached XP level 2. HP: 16/26 MP: 2/2
   331 | D:1      | Reached skill level 1 in Armour
   615 | D:2      | Found a radiant altar of Vehumet.
   646 | D:2      | Found a runed door.
   646 | D:2      | Noticed a human
   653 | D:2      | Found a basalt altar of Yredelemnul.
   656 | D:2      | Reached skill level 5 in Crossbows
   703 | D:2      | Found a hazy altar of Hepliaklqana.
   725 | D:2      | Reached XP level 3. HP: 7/32 MP: 3/3
  1594 | D:3      | Reached XP level 4. HP: 19/40 MP: 4/4
  1629 | D:3      | Reached skill level 6 in Crossbows
  1629 | D:3      | Reached XP level 5. HP: 16/48 MP: 5/5
  1770 | D:3      | Slain by an orc priest

Skill      XL: |  1  2  3  4  5 |
---------------+----------------+-----
Armour         | 1 2 |  2.3
Fighting       | 2 3 |  3.0
Crossbows      | 5 6 |  6.3
Dodging        | |  2.1
Stealth        | |  1.2

Action                   |  1- 3 |  4- 6 || total
-------------------------+-------+-------++-------
Melee: Short sword       |   196 |    83 ||   279
 Fire: Hand crossbow     |    13 |    14 ||    27
 Abil: Heal Wounds       |     1 |     2 ||     3
  Eat: Chunk             |     2 |     1 ||     3
Armor: Scale mail        |    79 |    17 ||    96
       Leather armour    |     2 |       ||     2
Dodge: Dodged            |   132 |    50 ||   182
